 Dungeon Crawl Stone Soup version 0.30-a0-1035-g38d5fb2972 (webtiles) character file.

Game seed: 9436499396881583516

1586 PimpSugar the Fighter (level 9, -6/73 HPs)
             Began as a Djinni Hedge Wizard on Apr 8, 2023.
             Mangled by a wight
             ... wielding a +3 scimitar
              (13 damage)
             ... on level 4 of the Dungeon.
             The game lasted 00:14:48 (4430 turns).

PimpSugar the Fighter (Djinni Hedge Wizard)         Turns: 4430, Time: 00:14:53

Health: -6/73      AC:  5    Str:  9    XL:     9   Next: 14%
Gold:   213        EV: 15    Int: 21    God:
                   SH:  0    Dex: 12

rFire   + + .      SeeInvis .    g - +1 whip (drain)
rCold   x . .      Faith    .    (no shield)
rNeg    . . .      Spirit   .    b - +0 robe
rPois   ∞          Reflect  .    m - +1 helmet
rElec   .          Rampage  .    (no cloak)
rCorr   .                        d - +0 pair of gloves
Will    .....                    (boots unavailable)
Stlth   ++                       (no amulet)
HPRegen 0.32/turn                (no ring)
MPRegen 0.00/turn                (no ring)

@: confusing by touch, wereblooded, flying, studying Shields
A: sickness immunity, fire resistance 2, cold vulnerability 1, float, innate
caster, HP casting, extra vitality 1
a: no special abilities


You were on level 4 of the Dungeon.
You visited 1 branch of the dungeon, and saw 5 of its levels.

You collected 351 gold pieces.
You spent 138 gold pieces at shops.

Inventory:

Hand Weapons
 a - a +0 dagger
 g - a +1 whip of draining (weapon)
 j - a +0 club
 n - a +0 sling
Missiles
 k - 41 stones
 r - 2 boomerangs
Armour
 b - a +0 robe (worn)
 c - a +0 hat
 d - a +0 pair of gloves (worn)
 m - a +1 helmet (worn)
Wands
 e - a wand of charming (14)
Scrolls
 t - a scroll of blinking
Potions
 f - a potion of haste
 h - a potion of resistance {unknown}
 i - a potion of ambrosia {unknown}
 l - a potion of might {unknown}
 o - 2 potions of attraction
 s - a potion of mutation {unknown}
 x - a potion of brilliance {unknown}


   Skills:
 + Level 9.6 Fighting
 * Level 9.4 Dodging
 - Level 1.9 Stealth
 + Level 2.5 Shields
 * Level 9.2 Spellcasting
 + Level 0.6 Evocations


You knew the following spells:

 Your Spells              Type           Power      Damage    Failure   Level
a - Magic Dart            Conj           100%       1d8       1%          1
b - Call Imp              Summ           96%        N/A       1%          2
c - Mephitic Cloud        Conj/Pois/Air  48%        N/A       1%          3
d - Slow                  Hex            100%       N/A       1%          1
e - Blink                 Tloc           96%        N/A       1%          2
f - Summon Small Mammal   Summ           100%       N/A       1%          1
g - Wereblood             Tmut           48%        N/A       1%          2
h - Confusing Touch       Hex            48%        N/A       1%          3
i - Animate Dead          Necr           48%        N/A       1%          4
Your spell library was empty.

Dungeon Overview and Level Annotations

Branches:
Dungeon (5/15)
 Temple: D:4-7

Altars:
Cheibriados
Elyvilon
Fedhas
Hepliaklqana
Okawaru
Zin
The Shining One

Shops:
D:4 *


Innate Abilities, Weirdness & Mutations

You are immune to sickness and miasma.
You are immune to poison.
Your flesh is very heat resistant. (rF++)
You are vulnerable to cold. (rC-)
You float through the air rather than walking.
You learn spells naturally, not from books.
Your magical power is your life essence.
You have superior vitality. (+4 MHP)


Message History

Your cerulean imp barely misses the wight.
Your extra speed is starting to run out.
Your cerulean imp hits the wight with a +1 spear.
The wight closely misses your cerulean imp.
Casting: Call Imp (safe; 1% risk of failure)
Confirm with . or Enter, or press ? or * to list all spells.
* * * LOW HITPOINT WARNING * * *
Your cerulean imp hits the wight but does no damage.
The wight hits your cerulean imp with a +3 scimitar!
Your cerulean imp dies!
Your cerulean imp disappears in a puff of smoke!
Your quokka closely misses the wight.
The wight closely misses your quokka.
Your quokka bites the wight.
Your quokka closely misses the wight.
You barely miss the wight.
The wight is heavily damaged.
You feel yourself slow down. The wight hits you with a +3 scimitar.
* * * LOW HITPOINT WARNING * * *
You hit the wight but do no damage.
The wight is moderately damaged.
Your quokka misses the wight. x2; The wight misses you.
You hit the wight.
The wight is severely damaged.
Your quokka closely misses the wight.
The wight hits you with a +3 scimitar.
* * * LOW HITPOINT WARNING * * *
You barely miss the wight.
The wight is severely damaged.
Your quokka closely misses the wight.
You hit the wight but do no damage.
The wight is severely damaged.
Your quokka misses the wight. The wight closely misses you.
Your quokka closely misses the wight.
Casting: Summon Small Mammal (safe; 1% risk of failure)
Confirm with . or Enter, or press ? or * to list all spells.
Your hands begin to glow red.
* * * LOW HITPOINT WARNING * * *
Your quokka bites the wight but does no damage.
The wight hits you with a +3 scimitar!
You die...

#...........####.#
####....:.####.# #.#
#.........####.# #.#
#...........##.# #.#
#.........#.##.# ##.##
######
#.##....###.##.###...###
.....# #.##...÷#
#............. .###>#
#.##...r######.###...##.
.8♣#.#####.###..@zf.....#
##.###. ..♣♣.......#
#..####.#### #.# #.
...♣♣.###### #..# #.# #.#
#. 8...♣♣# #..# #5# #.#
## .._.♣ ##### #z# #.#
_...♣♣# ##⌠∩⌠###f# #.#
...♣♣.# ###.....##)## #.#
♣♣♣♣.##
#...........######.#
#.##.####
#.#................##


You could see a sleepcap, a wight (slow, ally target) and a friendly quokka
(summoned).

Vanquished Creatures
  A wight (D:4)
  2 orc wizards
  Natasha (twice) (D:3)
  3 adders
  2 gnolls (D:3)
  2 worms (D:2)
  A dart slug (D:2)
  3 orcs
  4 ball pythons
  5 endoplasms
  3 giant cockroaches
  8 goblins
  4 hobgoblins
  3 jackals (D:4)
  2 kobolds (D:1)
  3 quokkas
  4 bats
  2 frilled lizards
  2 rats
56 creatures vanquished.

Vanquished Creatures (collateral kills)
  A phantom (D:4)
  A hound (D:4)
  Natasha (D:3)
  2 gnolls (D:3)
  2 adders
  2 dart slugs (D:1)
  4 orcs
  2 endoplasms
  A hobgoblin (D:1)
  2 quokkas
  A frilled lizard (D:1)
  3 goblins
22 creatures vanquished.

Vanquished Creatures (others)
  10 plants (D:3)
10 creatures vanquished.

Grand Total: 88 creatures vanquished

Notes
Turn   | Place    | Note
-------+----------+-------------------------------------------
     0 | D:1      | PimpSugar the Djinni Hedge Wizard began the quest for the
                  | Orb.
     0 | D:1      | PimpSugar set off with the following spells memorised:
                  | Magic Dart, Slow, Blink, Call Imp, Mephitic Cloud.
     0 | D:1      | Reached XP level 1. HP: 15/15 MP: 0/0
   159 | D:1      | Reached XP level 2. HP: 22/22 MP: 0/0
   352 | D:1      | Reached XP level 3. HP: 25/26 MP: 0/0
   352 | D:1      | Learned a level 1 spell: Summon Small Mammal
   410 | D:1      | Reached skill level 1 in Fighting
  1256 | D:2      | Reached XP level 4. HP: 19/32 MP: 0/0
  1422 | D:2      | Found a hazy altar of Hepliaklqana.
  2162 | D:3      | Reached XP level 5. HP: 36/37 MP: 0/0
  2162 | D:3      | Learned a level 2 spell: Wereblood
  2206 | D:3      | Noticed Natasha
  2229 | D:3      | Killed Natasha
  2230 | D:3      | Reached skill level 1 in Shields
  2514 | D:3      | Noticed Natasha
  2524 | D:3      | Killed Natasha
  2525 | D:3      | Reached XP level 6. HP: 34/43 MP: 0/0
  2976 | D:3      | Noticed Natasha
  2986 | D:3      | Killed Natasha
  3485 | D:4      | Found Zitryryt's General Store.
  3486 | D:4      | Found Siteterr's Specific Store.
  3507 | D:4      | Bought a wand of charming (4) for 96 gold pieces
  3511 | D:4      | Bought a potion of curing for 42 gold pieces
  3696 | D:4      | Reached XP level 7. HP: 24/49 MP: 0/0
  3696 | D:4      | Learned a level 3 spell: Confusing Touch
  4097 | D:4      | Found a glowing golden altar of the Shining One.
  4097 | D:4      | Found a glowing silver altar of Zin.
  4098 | D:4      | Found a white marble altar of Elyvilon.
  4274 | D:4      | Found an iron altar of Okawaru.
  4281 | D:4      | Found a blossoming altar of Fedhas.
  4285 | D:4      | Found a snail-covered altar of Cheibriados.
  4290 | D:4      | Reached XP level 8. HP: 65/65 MP: 0/0
  4291 | D:4      | Reached XP level 9. HP: 73/73 MP: 0/0
  4291 | D:4      | Learned a level 4 spell: Animate Dead
  4374 | D:5      | Entered Level 5 of the Dungeon
  4387 | D:4      | HP: 3/73 [wight/+0 hand axe (5)]
  4430 | D:4      | Mangled by a wight

Illustrated notes

Levels and vault maps discovered:
D:1:      spicycebolla_arrival_risky_transporter, layout_basic
D:2:      layout_loops_cross, basic_altar
D:3:      layout_loops_corners, serial_bayou, serial_bayou_shore_b,
          serial_bayou_shore_b, serial_bayou_pond_d, serial_bayou_lagoon_b,
          serial_bayou_pond_e, serial_bayou_pond_e, uniq_natasha
D:4:      layout_loops_ring, good_gods_temple_1, minitemple,
          nicolae_specific_store
D:5:      layout_cave_pools, mainiacjoe_overflow_24_doors, uniq_grinder

Skill      XL: |  1  2  3  4  5  6  7  8 |
---------------+-------------------------+-----
Fighting       | 1 2 7 9 |  9.6
Spellcasting   | 3 7 9 |  9.2
Dodging        | 3 4 9 |  9.4
Shields        | 1 2 |  2.5
Stealth        | |  1.9
Evocations     | |  0.6

Action                     |  1- 3 |  4- 6 |  7- 9 || total
---------------------------+-------+-------+-------++-------
  Melee: Dagger            |    17 |       |       ||    17
         Whip              |    53 |   124 |    49 ||   226
         Punch             |       |     2 |       ||     2
   Cast: Magic Dart        |    14 |    10 |       ||    24
         Call Imp          |     8 |    18 |     2 ||    28
         Summon Small Mamm |     1 |    22 |     2 ||    25
         Slow              |       |     5 |     1 ||     6
         Mephitic Cloud    |       |     2 |     1 ||     3
         Wereblood         |       |       |     5 ||     5
         Confusing Touch   |       |       |     2 ||     2
         Blink             |       |       |     1 ||     1
    Use: Scroll            |       |     6 |     5 ||    11
         Potion            |       |       |     6 ||     6
   Stab: Sleeping          |     1 |       |     1 ||     2
 Armour: Robe              |    19 |    23 |    16 ||    58
  Dodge: Dodged            |    54 |    70 |    54 ||   178

Table legend: (Time is in decaauts)
 A = Elapsed time spent in this place.
 B = Non-inter-level travel time spent in this place.
 C = Inter-level travel time spent in this place.
 D = Time resting spent in this place.
 E = Time spent auto-exploring this place.
 F = Levels seen in this place.
 G = Mean time per level.
                   A        B        C        D        E       F      G
               +--------+--------+--------+--------+--------+-----+--------+
         Total |   4439 |   4137 |    302 |    317 |   2458 |   5 |  887.8 |
       Dungeon |   4439 |   4137 |    302 |    317 |   2458 |   5 |  887.8 |
               +--------+--------+--------+--------+--------+-----+--------+

Top non-repeatable levels by time:
     D:3: 1581 daAuts
     D:1: 1097 daAuts
     D:4: 940 daAuts
     D:2: 810 daAuts
     D:5: 9 daAuts
